[Event "1000GM Schev-G6 March 2024"]
[Site "Santa Clara"]
[Date "2024.03.10"]
[Round "4.5"]
[White "Rivera, Alberto"]
[Black "Penagalapati, Anvitha"]
[Result "1-0"]
[ECO "D00"]
[WhiteElo "2290"]
[BlackElo "1642"]
[Annotator "TA"]
[PlyCount "77"]
[EventDate "2024.03.06"]
[EventType "schev"]
[EventCountry "USA"]
[SourceTitle "playchess.com"]
[Source "ChessBase"]
[SourceQuality "1"]
[TimeControl "5400+30"]

1. d4 d5 2. Nc3 Nf6 3. Bf4 e6 4. e3 Bb4 5. Bd3 c5 6. dxc5 Nbd7 7. Nge2 a6 8. a3 {[%emt 0:02:23] Black has an edge.} Bxc5 9. Bg3 Nh5 10. Nf4 Nxg3 11. hxg3 Nf6 {[%emt 0:02:08] Prevents Qg4} (11... h6 $17) 12. Qf3 $11 Bd6 13. g4 Be5 (13... g6 $11) 14. g5 $16 Bxc3+ 15. bxc3 Nd7 16. g6 {[%emt 0:09:36] White has more active pieces. The black rooks are passive.} (16. Bxh7 $6 Qxg5 17. Nxe6 fxe6 $11) 16... Ne5 (16... Nf6 $16) 17. gxf7+ $18 Nxf7 18. Rxh7 (18. Bxh7 $18 Ng5 19. Qh5+ Kd7 20. Qg6 Rxh7 21. Rxh7 Nxh7 22. Qxh7) 18... Rxh7 $14 19. Bxh7 {[%emt 0:00:04] And now 0-0-0 would win.} Qf6 {[%emt 0:02:16] [#]} (19... Qh4 $142 20. Bd3 Ne5 21. Qh5+ Qxh5 22. Nxh5 Kf7) 20. Ne2 (20. O-O-O $1 $16) 20... Qh6 $11 21. Qh3 Qxh3 22. gxh3 e5 23. O-O-O Be6 24. f4 Rd8 (24... Ke7 $11) 25. f5 ({Better is} 25. Rg1 $16) 25... Bc8 26. h4 Ke7 27. Rg1 $36 {[%emt 0:00:51][%mdl 2048] White has some pressure.} Kf8 28. Ng3 Nh6 (28... Nd6 $11 {remains equal.}) 29. Nh5 $16 Rd7 30. f6 gxf6 31. Nxf6 Rf7 32. Rg6 (32. Nxd5 $2 {too greedy.} Rxh7 33. Nf6 Rh8 $19 (33... Rg7 $2 34. Rxg7 Kxg7 35. Ne8+ Kg6 36. Nd6 $19)) 32... Ng4 33. Rg8+ $18 ({Don't take} 33. Nxg4 $6 Rxh7 34. Nxe5 Rxh4 $14) 33... Ke7 34. Nxd5+ ({Stronger than} 34. Nxg4 Bxg4 35. Bg6 Rf3 $11) 34... Kd6 35. Be4 Bd7 {[%emt 0:00:45] This costs Black the game.} (35... Be6 $16 36. Rg6 Nf2) 36. h5 Be6 {[%emt 0:01:50] [#] ...Rf1+ would now be deadly.} 37. Rg6 Kd7 38. h6 Bxd5 39. Bxd5 {[%emt 0:00:31] Weighted Error Value: White=0.17 (very precise) /Black=0.40.  Loses game:     	---       	Black=1      Mistake:       	White=3     	Black=7      Inaccurate:     	White=1     	Black=3      OK:         	White=14    	Black=8      Best:        	White=3     	Black=4} 1-0

[Event "1000GM Schev-G6 March 2024"]
[Site "Santa Clara"]
[Date "2024.03.11"]
[Round "5.1"]
[White "Yuan, Serena"]
[Black "Garduno Huerta, Joshua Emiliano"]
[Result "0-1"]
[ECO "E01"]
[WhiteElo "1929"]
[BlackElo "1941"]
[Annotator "RC"]
[PlyCount "164"]
[EventDate "2024.03.06"]
[EventType "schev"]
[EventCountry "USA"]
[SourceTitle "playchess.com"]
[Source "ChessBase"]
[SourceQuality "1"]
[TimeControl "5400+30"]

1. d4 d5 2. Nf3 Nf6 3. c4 c6 4. Qc2 e6 5. g3 Nbd7 6. Bg2 Bd6 7. O-O O-O 8. Nbd2 e5 9. dxe5 Nxe5 10. Nxe5 Bxe5 11. Nf3 Bd6 12. Rd1 Be6 13. Ng5 Qc7 14. cxd5 cxd5 15. Qxc7 Bxc7 16. Be3 Be5 17. Bd4 Bxd4 18. Rxd4 Rac8 19. Rad1 Rc2 20. R4d2 Rfc8 21. h3 h6 22. Nxe6 fxe6 23. e3 R8c5 24. Kf1 Kf7 25. Ke2 Ke7 26. Rxc2 Rxc2+ 27. Rd2 Rxd2+ 28. Kxd2 e5 29. Kd3 Kd6 30. f4 Nd7 31. g4 b5 32. b4 Nb6 33. g5 hxg5 34. fxg5 Ke6 35. h4 Kf5 36. Bh3+ Kg6 37. Bg4 Nc4 38. Be6 Nb6 39. Bg4 Nc4 40. Be6 Kh5 41. Bxd5 Nd6 42. g6 Kxh4 43. Ke2 Kg5 44. Kf3 Kxg6 45. Kg4 Kf6 46. Bc6 e4 47. Kf4 g5+ 48. Kg4 Nc4 49. Bxe4 Nxe3+ 50. Kf3 Nc4 51. Ke2 Ke5 52. Bc6 Nd6 53. Ke3 Nf5+ 54. Kd3 Nd4 55. Bd7 Kd6 56. Bg4 Nc6 57. Kc3 Ne5 58. Be2 a6 59. a4 bxa4 60. Bxa6 g4 61. Bf1 g3 62. Kb2 Nd7 63. Ka3 Nb6 64. Bg2 Ke5 65. b5 Kd4 66. Kb4 Ke3 67. Kc3 Kf2 68. Be4 g2 69. Bxg2 Kxg2 70. Kc2 Kf3 71. Kd3 Kf4 72. Kd4 Kf5 73. Kc3 Ke5 74. Kb4 Kd4 75. Ka3 Kc5 76. Ka2 Kxb5 77. Ka3 Nc4+ 78. Ka2 Kb4 79. Ka1 Kb3 80. Kb1 Na3+ 81. Ka1 Nc2+ 82. Kb1 a3 0-1

[Event "1000GM Schev-G6 March 2024"]
[Site "Santa Clara"]
[Date "2024.03.11"]
[Round "5.2"]
[White "Monroy G., Nataly A."]
[Black "Wu, Jayden"]
[Result "1/2-1/2"]
[ECO "E04"]
[WhiteElo "1925"]
[BlackElo "1909"]
[Annotator "RC"]
[PlyCount "85"]
[EventDate "2024.03.06"]
[EventType "schev"]
[EventCountry "USA"]
[SourceTitle "playchess.com"]
[Source "ChessBase"]
[SourceQuality "1"]
[TimeControl "5400+30"]

1. d4 Nf6 2. Nf3 d5 3. c4 e6 4. g3 dxc4 5. Bg2 Nc6 6. O-O Rb8 7. a4 Be7 8. e3 O-O 9. Nbd2 b6 10. Nxc4 Bb7 11. Nfe5 Nxe5 12. Nxe5 Nd5 13. Bd2 c5 14. Bc3 cxd4 15. Bxd4 Bb4 16. Nd3 Ba5 17. Bxd5 Qxd5 18. f3 Ba6 19. Rf2 Bxd3 20. Qxd3 Rfd8 21. Qe4 Rbc8 22. Rb1 Qxe4 23. fxe4 Bb4 24. Rbf1 f6 25. e5 f5 26. g4 g6 27. gxf5 gxf5 28. Rg2+ Kf7 29. Kh1 Rg8 30. Rxg8 Kxg8 31. Kg2 Rc2+ 32. Rf2 Rc1 33. Kf3 Bc5 34. Bxc5 Rxc5 35. Rd2 Rxe5 36. Rd8+ Kf7 37. Rd7+ Kf6 38. Rxa7 Ra5 39. Rb7 Rxa4 40. Rxb6 Rh4 41. Kg3 Rg4+ 42. Kf3 Rh4 43. Kg3 1/2-1/2

[Event "1000GM Schev-G6 March 2024"]
[Site "Santa Clara"]
[Date "2024.03.11"]
[Round "5.3"]
[White "Gonzalez Zharikov, Andrey"]
[Black "Qi, Jenny"]
[Result "1-0"]
[ECO "B92"]
[WhiteElo "1993"]
[BlackElo "1764"]
[Annotator "RC"]
[PlyCount "89"]
[EventDate "2024.03.06"]
[EventType "schev"]
[EventCountry "USA"]
[SourceTitle "playchess.com"]
[Source "ChessBase"]
[SourceQuality "1"]
[TimeControl "5400+30"]

1. e4 c5 2. Nf3 d6 3. d4 cxd4 4. Nxd4 Nf6 5. Nc3 a6 6. Be2 e5 7. Nb3 Be7 8. O-O O-O 9. Kh1 Nc6 10. f4 Re8 11. a4 exf4 12. Bxf4 Ne5 13. Nd4 Be6 14. Nf5 Rc8 15. Nxe7+ Qxe7 16. Bg5 Ned7 17. Qd4 Rc6 18. Rad1 Qf8 19. Bd3 Ng4 20. Nd5 Nge5 21. Ne3 g6 22. Be2 Qg7 23. b4 h6 24. Bh4 g5 25. Be1 Ng6 26. b5 axb5 27. Bxb5 Qxd4 28. Rxd4 Rcc8 29. Rxd6 Nge5 30. Bg3 Re7 31. Kg1 Nc4 32. Nxc4 Bxc4 33. Bxd7 Rxd7 34. Rxd7 Bxf1 35. Kxf1 Rxc2 36. Rxb7 Ra2 37. Ra7 h5 38. h3 Ra1+ 39. Be1 g4 40. hxg4 hxg4 41. a5 Kg7 42. Rb7 Kg8 43. Rb3 Ra4 44. Rb4 Ra3 45. e5 1-0

[Event "1000GM Schev-G6 March 2024"]
[Site "Santa Clara"]
[Date "2024.03.11"]
[Round "5.4"]
[White "Zhuge, Katherine"]
[Black "Rivera, Alberto"]
[Result "1/2-1/2"]
[ECO "B38"]
[WhiteElo "1798"]
[BlackElo "2290"]
[Annotator "TA"]
[PlyCount "79"]
[EventDate "2024.03.06"]
[EventType "schev"]
[EventCountry "USA"]
[SourceTitle "playchess.com"]
[Source "ChessBase"]
[SourceQuality "1"]
[TimeControl "5400+30"]

1. e4 c5 2. Nf3 Nc6 3. c4 g6 4. d4 cxd4 5. Nxd4 Bg7 6. Be3 Nf6 7. Nc3 O-O 8. Be2 d6 9. f3 Bd7 10. O-O a6 11. Qd2 Rc8 12. Rab1 Qc7 13. Rfc1 Qb8 14. Kh1 {[%emt 0:05:15] White is better.} Nxd4 15. Bxd4 Bc6 16. Bf1 e6 17. b4 b5 18. cxb5 axb5 19. Qd3 {[%emt 0:02:40] White is more active.} (19. a4 $16 bxa4 20. b5) 19... Rfd8 $2 (19... d5 $11 {and Black is okay.}) 20. Nxb5 $18 {[%emt 0:04:16] [#] aiming for Na7.} Nxe4 (20... d5 $142 21. e5 Bxb5 22. Qxb5 Nd7 23. Qxb8 Rxb8) 21. Na7 $2 (21. Rxc6 $18 {is the precise move to win.} Rxc6 22. fxe4 (22. Qxe4 d5 $18)) 21... Nc5 $16 22. Bxc5 dxc5 {[%emt 0:00:52] [#]} 23. Qxd8+ Rxd8 24. Nxc6 Qc7 25. Nxd8 Qxd8 26. bxc5 (26. Rxc5 $16 {a4 would now be deadly.} Qa8 27. Bd3) 26... Be5 $1 $11 {[%emt 0:00:00] The position is equal.} 27. Rc4 {[%emt 0:00:00] Repels Qh4} Bc7 28. a4 Qd2 29. c6 Kg7 30. Rbc1 Qe3 31. a5 Bxa5 ({Don't go for} 31... Qe5 $2 32. g3 $18) 32. c7 Bb6 33. Bd3 {[%emt 0:00:00] Really sharp!} Bxc7 34. Rxc7 Qxd3 {[%emt 0:00:12][%mdl 4096] Endgame. KQ-KRR} 35. R7c3 Qd5 36. Rc5 Qd4 37. R5c4 Qf6 38. Rc7 Qf4 39. R7c4 Qg5 40. Rc5 {[%emt 0:06:18] White really could win this.   Weighted Error Value: White=0.18 (very precise) /Black=0.17 (very precise) .  Loses game:     	---       	Black=1      Missed win:     	White=1     	---        Mistake:       	White=2     	Black=1      Inaccurate:     	White=2     	Black=3      OK:         	White=9     	Black=10     Best:        	White=1     	Black=2      Strong:       	---       	Black=1} 1/2-1/2